 Dungeon Crawl Stone Soup version 0.32-a0-589-g2d1f746d5d (webtiles) character file.

Game seed: 7932811673610235287

8395 protoss039 the Fighter (level 11, 89/89 HPs)
             Began as a Demonspawn Earth Elementalist on Mar 3, 2024.
             Was an Elder of Vehumet.
             Got out of the dungeon alive.
             The game lasted 00:41:21 (10271 turns).

protoss039 the Fighter (DsEE)                      Turns: 10271, Time: 00:41:22

Health: 89/89      AC:  6    Str:  9    XL:     11   Next: 9%
Magic:  23/23      EV: 12    Int: 20    God:    Vehumet [****..]
Gold:   455        SH:  0    Dex: 13    Spells: 16/27 levels left

rFire   . . .        q - +1 spear (venom)
rCold   . . .        (no shield)
rNeg    . . .        I - +0 steam dragon scales
rPois   +            (helmet unavailable)
rElec   .            (no cloak)
rCorr   .            (no gloves)
SInv    +            h - +0 pair of boots
Will    .....        y - amulet of the acrobat
Stlth   ++           k - +4 ring of slaying
HPRegen 0.34/turn    C - ring of poison resistance
MPRegen 0.36/turn

%: acrobat
@: no status effects
A: antennae 3, magic regeneration, demonic magic 1
a: Renounce Religion


You escaped.
You worshipped Vehumet.
Vehumet was greatly pleased with you.
You visited 1 branch of the dungeon, and saw 9 of its levels.
You also visited: Ossuary and Bailey.

You collected 543 gold pieces.
You spent 88 gold pieces at shops.

Inventory:

Hand Weapons
 e - a +0 dagger
 q - a +1 spear of venom (weapon)
 z - a +1 war axe of freezing
Missiles
 H - 2 throwing nets
 M - 4 datura-tipped darts
Armour
 h - a +0 pair of boots (worn)
 I - +0 steam dragon scales (worn)
 K - the +0 leather armour "Poseub" {rElec Str+3}
   (You found it on level 9 of the Dungeon)

   Str+3:     It affects your strength (+3).
   rElec:     It insulates you from electricity.
Jewellery
 k - a +4 ring of slaying (left hand)
 y - an amulet of the acrobat (around neck)
 C - a ring of poison resistance (right hand)
 E - a ring of resist corrosion
Wands
 B - a wand of digging (5)
 D - a wand of flame (12)
 N - a wand of quicksilver (3)
Scrolls
 a - a scroll of revelation
 d - a scroll of fear
 i - a scroll of acquirement {unknown}
 j - 2 scrolls of amnesia
 m - a scroll of butterflies
 p - 2 scrolls of teleportation
 r - 4 scrolls of blinking
 s - 2 scrolls of identify
 u - a scroll of poison
 x - a scroll of vulnerability
 A - a scroll of enchant weapon
 F - 2 scrolls of fog {unknown}
Potions
 b - a potion of magic
 c - 2 potions of heal wounds
 f - 2 potions of haste {unknown}
 g - a potion of resistance {unknown}
 l - 3 potions of curing
 n - 3 potions of enlightenment
 o - a potion of cancellation {unknown}
 t - a potion of brilliance {unknown}
 v - 5 potions of might
 w - a potion of attraction {unknown}
 G - a potion of lignification {unknown}
 J - a potion of mutation {unknown}
Miscellaneous
 L - a lightning rod (3/4)


   Skills:
 + Level 9.3 Fighting
 + Level 3.4 Armour
 + Level 2.5 Dodging
 + Level 2.6 Stealth
 + Level 8.7 Spellcasting
 * Level 4.1 Conjurations
 + Level 8.9 Earth Magic


You had 16 spell levels left.
You knew the following spells:

 Your Spells              Type           Power      Damage    Failure   Level
a - Sandblast             Erth           88%        2d18      1%          1
b - Passwall              Erth           44%        N/A       1%          3
c - Stone Arrow           Conj/Erth      70%        3d11      1%          3
d - Iskenderun's Mystic   Conj/Tloc      17%        2d5       9%          4

Your spell library contained the following spells:

 Spells                   Type           Power      Damage    Failure   Level
 Foxfire                  Conj/Fire      68%        2x1d7     1%          1
 Brom's Barrelling Bould  Conj/Erth      35%        2d5       1%          4
 Scorch                   Fire           16%        2d5       3%          2
 Flame Wave               Conj/Fire      17%        2d7       9%          4
 Call Imp                 Summ           16%        N/A       12%         2
 Cigotuvi's Dreadful Rot  Necr/Alch/Air  16%        N/A       12%         2
 Sublimation of Blood     Necr           8%         N/A       12%         2
 Petrify                  Alch/Erth      26%        N/A       12%         4
 Ignite Poison            Fire/Alch      8%         N/A       21%         4
 Freezing Cloud           Conj/Ice/Air   7%         6-21      30%         5
 Borgnjor's Vile Clutch   Necr/Erth      13%        N/A       34%         5
 Starburst                Conj/Fire      8%         6d4       75%         6
 Alistair's Intoxication  Alch           5%         N/A       91%         5
 Eringya's Noxious Bog    Alch           4%         4d6       94%         6
 Plasma Beam              Fire/Air       4%         2x1d14    94%         6
 Summon Cactus Giant      Summ           4%         N/A       100%        6
 Summon Hydra             Summ           4%         N/A       100%        7


Dungeon Overview and Level Annotations

Branches:
Dungeon (9/15) Zot: 26160  Temple (0/1) D:5             Orc (0/2) D:9
Ossuary (visited)          Bailey (visited)
   Lair: D:8-11

Altars:
Nemelex Xobeh
Qazlal
Ru
Uskayaw
Vehumet
Beogh

Shops:
D:4 !   D:8 [

Annotations:
D:6 Jeremiah


Innate Abilities, Weirdness & Mutations

You have a pair of large antennae on your head. (SInv)
You regenerate magic rapidly.
Spells you cast may paralyse adjacent enemies.


Message History

You climb upwards.
There is a stone staircase leading down here.
What level of the Dungeon? (default 8, ? - help)
There is a stone staircase leading up here.
You climb upwards.
Level annotation: Jeremiah
There is a stone staircase leading down here.
There is a stone staircase leading up here.
You climb upwards.
There is a stone staircase leading down here.
There is a stone staircase leading up here.
You climb upwards.
There is a stone staircase leading down here.
There is a stone staircase leading up here.
You climb upwards.
There is a stone staircase leading down here.
There is a stone staircase leading up here.
You climb upwards.
There is a stone staircase leading down here.
A hobgoblin is nearby!
Unknown command.
You reach to attack!
You hit the hobgoblin but do no damage.
The hobgoblin is poisoned.
You hit the hobgoblin.
You kill the hobgoblin!
Vehumet accepts your kill.
No target in view!
No target in view!
No target in view!
No target in view!
No target in view!
No target in view!
No target in view!
What level of the Dungeon? (default 1, ? - help)
There is a stone staircase leading up here.
You climb upwards.
There is a stone staircase leading down here.
You can't go up here!
There is a staircase leading out of the dungeon here.
You have escaped!

#..# #.#.#....##.##......
#..# #.#.#..#.##....#####
#..#####.############## #
#........##.## #
#.###..#.##..###### ##
##.###.#.##........# ####.
##...##.#.##........## ##....
#.....#...#....##....###..##.
#.........#.@.######..#..###.
#.....###.#...## ##....##...
##...## #.###..####.........#
##### ### ##..##.....######
####.....####..###
#..#######......##
#.######..####..##
#.........# #..##
#########.####..##


There were no monsters in sight!

Vanquished Creatures
  2 two-headed ogres
  Joseph (D:8)
  Maggie (D:8)
  Grinder (D:6)
  A hornet (D:9)
  A shadow (D:9)
  Sigmund (D:3)
  A wyvern (D:8)
  Grum (D:8)
  A steam dragon (D:8)
  4 vampire mosquitoes (D:9)
  A water moccasin (D:8)
  Duvessa (D:6)
  4 orc warriors
  A sky beast (D:8)
  2 black bears
  An ice beast (D:7)
  2 ogres
  4 wolves (D:8)
  3 centaurs
  A phantom (D:4)
  4 kobold brigands (Bailey)
  An elf zombie (Ossuary)
  3 bullfrogs
  A gnoll sergeant (D:8)
  2 scorpions
  8 wights
  Dowan (D:6)
  8 killer bees
  An electric eel (D:8)
  2 howler monkeys (D:8)
  6 centaur zombies (Ossuary)
  9 orc priests
  2 bombardier beetles
  A gnoll bouda (D:9)
  2 human zombies (Ossuary)
  5 hounds
  A sleepcap (D:4)
  Jessica (D:3)
  An iguana (D:6)
  8 orc wizards
  6 hound zombies (Ossuary)
  3 mummies
  18 gnolls
  10 adders
  A white imp (D:7)
  An adder zombie (Ossuary)
  5 dart slugs
  3 ribbon worms
  29 orcs
  9 ball pythons
  11 endoplasms
  4 giant cockroaches
  4 gnoll zombies (Ossuary)
  10 goblins
  6 hobgoblins
  13 quokkas
  5 bats
  2 frilled lizards (D:3)
  3 hobgoblin zombies (D:4)
  2 jackal zombies (Ossuary)
  15 kobolds
  7 kobold zombies
  9 orc zombies (Ossuary)
  10 rats
288 creatures vanquished.

Notes
Turn   | Place    | Note
-------+----------+-------------------------------------------
     0 | D:1      | protoss039 the Demonspawn Earth Elementalist began the
                  | quest for the Orb.
     0 | D:1      | Reached XP level 1. HP: 13/13 MP: 3/3
   134 | D:1      | Gained mutation: You have a pair of small antennae on your
                  | head. [demonic ancestry]
   134 | D:1      | Reached XP level 2. HP: 3/20 MP: 5/5
   299 | D:1      | Reached skill level 1 in Fighting
   674 | D:1      | Gained mutation: You have a pair of antennae on your head.
                  | [demonic ancestry]
   674 | D:1      | Reached XP level 3. HP: 26/26 MP: 6/6
   951 | D:1      | Learned a level 3 spell: Passwall
  1190 | D:2      | Reached skill level 2 in Fighting
  1190 | D:2      | Gained mutation: Spells you cast may paralyse adjacent
                  | enemies. [demonic ancestry]
  1190 | D:2      | Reached XP level 4. HP: 33/33 MP: 8/8
  1667 | D:2      | Reached XP level 5. HP: 32/39 MP: 6/9
  1781 | D:2      | Learned a level 3 spell: Stone Arrow
  1810 | D:3      | Found a stormy altar of Qazlal.
  1830 | D:3      | Noticed Jessica
  1837 | D:3      | Killed Jessica
  2048 | D:3      | Reached skill level 3 in Fighting
  2068 | D:3      | Noticed Sigmund
  2220 | D:3      | Killed Sigmund
  2221 | D:3      | Reached XP level 6. HP: 44/48 MP: 3/11
  2492 | D:3      | Found a faded altar of an unknown god.
  2856 | D:4      | Gained mutation: You have a pair of large antennae on your
                  | head. (SInv) [demonic ancestry]
  2856 | D:4      | Reached XP level 7. HP: 52/53 MP: 6/13
  2912 | D:4      | Found a radiant altar of Vehumet.
  2944 | D:4      | Became a worshipper of Vehumet
  3005 | D:4      | Reached skill level 4 in Fighting
  3005 | D:4      | Reached skill level 1 in Armour
  3121 | D:4      | Found Gykyigat's Distillery.
  3177 | D:4      | Bought 2 potions of might for 88 gold pieces
  3631 | D:5      | Entered Level 5 of the Dungeon
  3666 | D:5      | Found a sand-covered staircase.
  3691 | Ossuary  | Entered an ossuary
  3715 | Ossuary  | Reached skill level 5 in Earth Magic
  3760 | Ossuary  | Reached * piety under Vehumet
  3760 | Ossuary  | Offered knowledge of Shock by Vehumet.
  3878 | Ossuary  | Reached XP level 8. HP: 61/61 MP: 11/15
  3941 | Ossuary  | Reached skill level 5 in Spellcasting
  4151 | Ossuary  | Offered knowledge of Magic Dart by Vehumet.
  4156 | Ossuary  | Reached skill level 5 in Fighting
  4160 | Ossuary  | Reached ** piety under Vehumet
  4283 | D:5      | Found a staircase to the Ecumenical Temple.
  5256 | D:6      | Noticed Duvessa
  5256 | D:6      | Noticed Dowan
  5267 | D:6      | Killed Dowan
  5268 | D:6      | Killed Duvessa
  5368 | D:6      | Found a sacrificial altar of Ru.
  5658 | D:6      | Noticed Jeremiah
  5881 | D:6      | Reached skill level 6 in Fighting
  6030 | D:6      | Reached XP level 9. HP: 69/69 MP: 8/18
  6385 | D:6      | Noticed Grinder
  6389 | D:6      | Killed Grinder
  6643 | D:7      | Offered knowledge of Mercury Vapours by Vehumet.
  7110 | D:7      | Reached skill level 7 in Fighting
  7443 | D:7      | Found a sparkling altar of Nemelex Xobeh.
  7873 | D:8      | Noticed a two-headed ogre
  7879 | D:8      | Killed a two-headed ogre
  7959 | D:8      | Reached XP level 10. HP: 80/80 MP: 15/21
  8128 | D:8      | Reached skill level 8 in Fighting
  8138 | D:8      | Reached *** piety under Vehumet
  8494 | D:8      | Found Vussoat's Armour Emporium.
  8542 | D:8      | Noticed Joseph
  8552 | D:8      | Killed Joseph
  8553 | D:8      | Noticed Grum
  8567 | D:8      | Killed Grum
  8820 | D:8      | Found a hide-covered altar of Uskayaw.
  8988 | D:8      | Found a roughly hewn altar of Beogh.
  9128 | D:8      | Noticed Maggie
  9137 | D:8      | Killed Maggie
  9354 | D:9      | Reached skill level 9 in Fighting
  9375 | D:9      | Offered knowledge of Iskenderun's Mystic Blast by Vehumet.
  9382 | D:9      | Learned a level 4 spell: Iskenderun's Mystic Blast
  9435 | D:9      | Noticed a two-headed ogre
  9440 | D:9      | Killed a two-headed ogre
  9675 | D:9      | Found a staircase to the Orcish Mines.
  9706 | D:9      | Gained mutation: You regenerate magic rapidly. [demonic
                  | ancestry]
  9706 | D:9      | Reached XP level 11. HP: 76/89 MP: 16/23
  9846 | D:9      | Found a flagged portal.
  9846 | D:9      | Identified the +0 leather armour "Poseub" {rElec Str+3}
  9856 | Bailey   | Entered a bailey
  9876 | Bailey   | Reached **** piety under Vehumet
  9985 | Bailey   | Found an iron altar of Okawaru.
 10271 | D:$      | Got out of the dungeon alive.

Illustrated notes

Levels and vault maps discovered:
D:1:      dpeg_arrival_round_c, layout_loops_ring, minmay_tetromino_o2
D:2:      layout_basic, kennysheep_donut
D:3:      layout_basic, nicolae_qazlal_general_emergency,
          hellmonk_ecumenical_altar_heavens_door, uniq_sigmund, uniq_jessica
D:4:      layout_rooms, nicolae_overflow_hidden_temple, serial_shops,
          nicolae_shop_industrial_runoff, minmay_mini_ossuary
D:5:      layout_basic, temple_hall, nicolae_ossuary_entry_false_entrances
D:6:      layout_basic, mainiacjoe_overflow_tiny_flanked, uniq_grinder,
          uniq_duvessa, uniq_jeremiah
D:7:      layout_basic, nemelex_dance_club_becter, tso_metal_star
D:8:      layout_rooms, nicolae_overflow_squiral, serial_shops, shop,
          david_defended_altar_orc, uniq_grum, uniq_maggie, uniq_joseph
D:9:      layout_roguey, mainiacjoe_overflow_six_doors_small, orc_0_dummy,
          enter_bailey_8, grunt_ministairs_14

Skill      XL: |  1  2  3  4  5  6  7  8  9 10 11 |
---------------+----------------------------------+-----
Fighting       | 1 2 3 4 6 7 9 |  9.3
Earth Magic    | 3 4 5 6 7 8 |  8.9
Spellcasting   | 3 4 6 7 8 |  8.7
Armour         | 2 3 |  3.4
Conjurations   | 3 4 |  4.1
Dodging        | 2 |  2.5
Stealth        | 2 |  2.6

Action                     |  1- 3 |  4- 6 |  7- 9 | 10-12 || total
---------------------------+-------+-------+-------+-------++-------
  Melee: Dagger            |     6 |    13 |    59 |       ||    78
         Spear             |       |    66 |   135 |    71 ||   272
   Fire: Sling             |    56 |     1 |       |       ||    57
   Cast: Sandblast         |    22 |    35 |    99 |    56 ||   212
         Passwall          |       |     2 |     3 |     1 ||     6
         Stone Arrow       |       |     4 |    77 |    82 ||   163
         Iskenderun's Myst |       |       |       |     2 ||     2
  Evoke: Wand              |       |       |       |     1 ||     1
         Lightning rod     |       |       |       |     1 ||     1
    Use: Potion            |     1 |     1 |       |     1 ||     3
         Scroll            |       |     4 |     8 |     1 ||    13
   Stab: Paralysed         |       |     4 |    51 |    19 ||    74
         Sleeping          |       |     3 |       |     2 ||     5
 Armour: Robe              |    14 |       |       |       ||    14
         Leather armour    |    10 |    63 |   229 |    14 ||   316
         Steam dragon scal |       |       |       |    67 ||    67
  Dodge: Dodged            |    17 |    61 |   186 |    90 ||   354

Table legend: (Time is in decaauts)
 A = Elapsed time spent in this place.
 B = Non-inter-level travel time spent in this place.
 C = Inter-level travel time spent in this place.
 D = Time resting spent in this place.
 E = Time spent auto-exploring this place.
 F = Levels seen in this place.
 G = Mean time per level.
                   A        B        C        D        E       F      G
               +--------+--------+--------+--------+--------+-----+--------+
         Total |  10434 |   9987 |    447 |   1100 |   6418 |  11 |  948.5 |
       Dungeon |   9724 |   9277 |    447 |    963 |   6310 |   9 | 1080.4 |
       Ossuary |    505 |    505 |      0 |    126 |     33 |   1 |  505.0 |
        Bailey |    204 |    204 |      0 |     11 |     75 |   1 |  204.0 |
               +--------+--------+--------+--------+--------+-----+--------+

Top non-repeatable levels by time:
     D:8: 1455 daAuts
     D:6: 1419 daAuts
     D:7: 1209 daAuts
     D:5: 1171 daAuts
     D:3: 1057 daAuts
     D:1: 1018 daAuts
     D:2: 891 daAuts
     D:4: 837 daAuts
     D:9: 663 daAuts
 Ossuary: 505 daAuts
  Bailey: 204 daAuts
